 Dungeon Crawl Stone Soup version 0.28.0-45-g0d030f2227 (webtiles) character file.

Game seed: 12568365691259347909

54 CryoSword the Caller (level 3, -2/27 HPs)
             Began as a Ghoul Summoner on Apr 20, 2022.
             Slain by a gnoll
             ... wielding a +0 spear
              (5 damage)
             ... on level 2 of the Dungeon.
             The game lasted 00:03:18 (2877 turns).

CryoSword the Caller (Ghoul Summoner)               Turns: 2877, Time: 00:03:19

Health: -2/27      AC:  2    Str: 13    XL:     3   Next: 91%
Magic:  5/5        EV: 12    Int: 10    God:
Gold:   103        SH:  0    Dex:  9    Spells: 0/6 levels left

rFire   . . .      SeeInvis .     - Unarmed
rCold   + . .      Faith    .   (no shield)
rNeg    + + +      Spirit   .   a - +0 robe
rPois   ∞          Reflect  .   (no helmet)
rElec   .          Harm     .   (no cloak)
rCorr   .          Rampage  .   (no gloves)
Will    .....                   (no boots)
Stlth   ++........              (no amulet)
HPRegen 0.00/turn               (no ring)
MPRegen 0.09/turn               (no ring)

@: inhibited regen
A: claws 1, cold resistance 1, negative energy resistance 3, inhibited
regeneration, torment resistance 2
a: no special abilities


You were on level 2 of the Dungeon.
You visited 1 branch of the dungeon, and saw 3 of its levels.

You collected 103 gold pieces.

Inventory:

Missiles
 j - 4 atropa-tipped darts
Armour
 a - a +0 robe (worn)
Scrolls
 d - a scroll of noise {unknown}
 f - a scroll of teleportation {unknown}
 g - 2 scrolls of identify {unknown}
 i - a scroll of enchant armour {unknown}
 k - a scroll of enchant weapon {unknown}
Potions
 b - a potion of heal wounds {unknown}
 c - 3 potions of magic {unknown}
 e - 3 potions of curing {unknown}
 h - a potion of lignification {unknown}


   Skills:
 + Level 0.8 Fighting
 + Level 2.1 Dodging
 + Level 2.5 Stealth
 * Level 1.6 Unarmed Combat
 - Level 2.0 Spellcasting
 * Level 4.1 Summonings


You couldn't memorise any spells.
You knew the following spells:

 Your Spells              Type           Power      Damage    Failure   Level
a - Summon Small Mammal   Summ           36%        N/A       6%          1
b - Call Imp              Summ           9%         N/A       9%          2
c - Call Canine Familiar  Summ           9%         N/A       17%         3

Your spell library contained the following spells:

 Spells                   Type           Power      Damage    Failure   Level
 Freeze                   Ice            4%         1d3       30%         1
 Summon Guardian Golem    Hex/Summ       5%         N/A       38%         3
 Frozen Ramparts          Ice            2%         1d2       67%         3
 Summon Lightning Spire   Summ/Air       5%         N/A       80%         4
 Hailstorm                Conj/Ice       1%         3d3       97%         4
 Orb of Destruction       Conj           0%         9d5       100%        7
 Spellforged Servitor     Conj/Summ      2%         N/A       100%        7
 Summon Hydra             Summ           4%         N/A       100%        7
 Sublimation of Blood     Necr           Unusable   N/A       N/A         2
 Wereblood                Tmut           Unusable   N/A       N/A         2

Dungeon Overview and Level Annotations

Branches:
Dungeon (3/15)

Altars:


Innate Abilities, Weirdness & Mutations

You thrive by killing the living.
You are immune to poison.
You have sharp fingernails.
Your flesh is cold resistant. (rC+)
You are immune to negative energy. (rN+++)
You do not regenerate when monsters are visible.
You are immune to unholy pain and torment.


Message History

The bat barely misses you. The endoplasm freezes you.
You are frozen.
You resist.
You don't have enough magic to cast this spell.
The bat barely misses you.
Your rat bites the endoplasm.
The endoplasm closely misses you.
You scratch the endoplasm.
The bat closely misses your crimson imp.
The bat barely misses your crimson imp.
The bat closely misses your crimson imp.
The adder bites you but does no damage.
Your rat bites the endoplasm.
The endoplasm dies!
You closely miss the adder. The bat hits you but does no damage.
Your crimson imp barely misses the bat.
The adder barely misses you.
You barely miss the adder. The bat barely misses your rat.
Your crimson imp blinks!
The adder bites you.
Your rat bites the adder.
You scratch the adder. The adder bites you but does no damage.
The bat hits your rat but does no damage.
The adder barely misses you.
Your rat misses the bat. You scratch the adder. The bat hits your rat.
Your crimson imp blinks!
The adder bites you.
You scratch the adder.
You kill the adder!
The bat closely misses your rat.
Training target 2.0 for Spellcasting reached!
Your Spellcasting skill increases to level 2!
You swap places.
The bat barely misses your rat.
Your rat bites the bat.
Your bat hits the bat but does no damage.
The bat hits your rat but does no damage.
You swap places.
Found a scroll labelled GENIUDEMEO.
Your bat closely misses the bat.
The bat barely misses you. The bat misses you.
Your bat hits the bat.
Your crimson imp hits the bat.
The bat dies!
No target in view!
No target in view!
No target in view!
Your crimson imp disappears in a puff of smoke!
Your bat disappears in a puff of smoke!
Your rat disappears in a puff of smoke!
You see here a bat corpse.
k - a scroll labelled GENIUDEMEO A rat comes into view.
A rat is nearby!
A rat is nearby!
A rat is nearby!
A beastly little devil appears in a puff of flame.
The rat closely misses your crimson imp.
Your crimson imp hits the rat.
The rat dies!
No target in view!
No target in view!
This spell is quite dangerous to cast!
Memorise Call Canine Familiar, consuming 3 spell levels and leaving 0?
You start memorising the spell.
You continue memorising. x3
You finish memorising.
Spell assigned to 'c'.
Okay, then.
Your crimson imp disappears in a puff of smoke!
Your bat disappears in a puff of smoke!
Your rat disappears in a puff of smoke! 2 gnolls come into view.
You see here 8 gold pieces.
There are monsters nearby!
There are monsters nearby!
There are monsters nearby!
A beastly little devil appears in a puff of flame.
The gnoll shouts! x2; You hear a shout!
A gnoll comes into view. It is wielding a +0 spear.
You don't have enough magic to cast this spell.
You miscast Summon Small Mammal.
You are very lightly contaminated with residual magic.
Nothing appears to happen.
The gnoll closely misses your rat.
The gnoll hits your rat with a +0 spear.
Your rat bites the gnoll but does no damage.
The gnoll misses your crimson imp. x2
Your crimson imp barely misses the gnoll.
The gnoll barely misses your rat.
Your rat bites the gnoll.
The gnoll hits your crimson imp with a +0 spear.
The gnoll misses your crimson imp.
Your crimson imp barely misses the gnoll.
The gnoll barely misses your rat.
Your rat bites the gnoll.
The gnoll barely misses your crimson imp.
The gnoll hits your crimson imp with a +0 spear.
Your bat hits the gnoll but does no damage.
Your crimson imp closely misses the gnoll.
The gnoll barely misses your rat.
Your bat hits the gnoll but does no damage.
Your bat barely misses the gnoll.
Your rat bites the gnoll.
The gnoll closely misses your crimson imp.
The gnoll hits your crimson imp with a +0 spear.
Your crimson imp closely misses the gnoll.
The gnoll hits your rat with a +0 spear.
Your rat dies!
Your rat's corpse disappears in a puff of smoke!
Your bat misses the gnoll. Your bat hits the gnoll.
The gnoll barely misses your crimson imp.
The gnoll hits your crimson imp with a +0 spear.
Your crimson imp dies!
Your crimson imp disappears in a puff of smoke!
Your bat barely misses the gnoll.
Your magical contamination has completely faded away.
Your bat hits the gnoll but does no damage.
The gnoll closely misses you.
Your bat misses the gnoll.
Your bat closely misses the gnoll.
The gnoll barely misses you.
The gnoll hits your bat with a +0 spear!
Your bat dies!
Your bat's corpse disappears in a puff of smoke!
You see here 8 gold pieces.
There is a stone staircase leading up here.
The gnoll barely misses you.
You closely miss the gnoll.
The gnoll hits you from afar with a +0 spear.
The gnoll hits you with a +0 spear. The gnoll misses you.
Found a stone staircase leading down.
Found a scroll labelled TICLYI GEMMEB.
There is a stone staircase leading up here.
The gnoll hits you with a +0 spear!
* * * LOW HITPOINT WARNING * * *
The gnoll barely misses you.
There is a stone staircase leading up here.
The gnoll barely misses you. The gnoll completely misses you.
You climb upwards.
There is a stone staircase leading down here.
The gnoll barely misses you.
The gnoll hits you from afar with a +0 spear.
* * * LOW HITPOINT WARNING * * *
There is an open door here.
The gnoll hits you from afar with a +0 spear.
* * * LOW HITPOINT WARNING * * *
The gnoll hits your rat with a +0 spear.
Your rat dies!
Your rat's corpse disappears in a puff of smoke!
Really walk into that dispersal trap?
You enter a dispersal trap!
The gnoll blinks! x2
You blink.
There is an open door here.
There is an open door here.
You miscast Summon Small Mammal.
You are very lightly contaminated with residual magic.
Nothing appears to happen.
You see here 23 stones.
Your magical contamination has completely faded away.
There is a stone staircase leading up here.
The gnoll hits you from afar with a +0 spear.
You die...

..# #...##.###.#
..#############...##.###.#
..'...........'........>.#
..##########.##....#.##..#
..............'......##..#
....########..#..|.......#
....# #..........##.##
....#######'#..#####.##.#
....##..........@....##.#
....##...........###.##.#
....##..........g# #.##.#
....#######'###..# #.##.#
....# #.....##.# ####.#
....# ####.....# #.#
####### #.....# #.#
##....# #.....## #.#
.#.##.# #......# #.#


You could see a gnoll.

Vanquished Creatures
  An adder (D:3)
  2 worms (D:2)
  A ball python (D:1)
  3 bats
  4 endoplasms
  A giant cockroach (D:1)
  2 goblins (D:1)
  3 hobgoblins
  A kobold (D:1)
18 creatures vanquished.

Vanquished Creatures (collateral kills)
  An adder (D:2)
  An endoplasm (D:3)
  A quokka (D:1)
  A ball python (D:1)
  2 bats
  2 frilled lizards (D:1)
  A kobold (D:2)
  3 rats
12 creatures vanquished.

Grand Total: 30 creatures vanquished

Notes
Turn   | Place    | Note
-------+----------+-------------------------------------------
     0 | D:1      | CryoSword the Ghoul Summoner began the quest for the Orb.
     0 | D:1      | Reached XP level 1. HP: 14/14 MP: 2/2
   288 | D:1      | Found a faded altar of an unknown god.
   311 | D:1      | Reached XP level 2. HP: 20/20 MP: 1/3
   742 | D:1      | Learned a level 2 spell: Call Imp
   968 | D:1      | Reached skill level 1 in Unarmed Combat
  1834 | D:2      | Reached XP level 3. HP: 27/27 MP: 0/4
  2330 | D:2      | Reached skill level 4 in Summonings
  2738 | D:3      | Learned a level 3 spell: Call Canine Familiar
  2877 | D:2      | Slain by a gnoll

Illustrated notes

Levels and vault maps discovered:
D:1:      roderic_crossed_star, layout_basic,
          ebering_ecumenical_altar_abandoned, minmay_splitting_lines,
          nicolae_concentric_dashed_squares_wild
D:2:      layout_basic, minmay_pentomino_x2
D:3:      layout_basic, lemuel_tele_altar, uniq_crazy_yiuf_cottage

Skill      XL: |  1  2  3 |
---------------+----------+-----
Unarmed Combat | 1 |  1.6
Dodging        | 2 |  2.1
Summonings     | 4 |  4.1
Spellcasting   | 2 |  2.0
Fighting       | |  0.8
Stealth        | |  2.5

Action                   || total
-------------------------++-------
Melee: Unarmed           ||   107
       Punch             ||     3
 Cast: Summon Small Mamm ||    28
       Call Imp          ||    11
 Stab: Sleeping          ||     1
Armor: Robe              ||    21
Dodge: Dodged            ||    90
